 Dungeon Crawl Stone Soup version 0.22.1-2-g9c5b331383 (webtiles) character file.

64 Revguard the Slasher (level 3, -1/27 HPs)
             Began as a Demonspawn Gladiator on Nov 18, 2018.
             Slain by a goblin
             ... wielding a +0 dagger
             ... led by Robin
              (6 damage)
             ... on level 2 of the Dungeon.
             The game lasted 00:04:51 (1357 turns).

Revguard the Slasher (Demonspawn Gladiator)         Turns: 1357, Time: 00:04:52

Health: -1/27      AC:  0    Str: 15    XL:     3   Next: 91%
Magic:  3/3        EV: 15    Int:  9    God:
Gold:   78         SH:  0    Dex: 14    Spells: 2/2 levels left

rFire    . . .     SeeInvis .   (weapon currently unavailable)
rCold    . . .     Gourm    .   (shield currently unavailable)
rNeg     . . .     Faith    .   (armour currently unavailable)
rPois    .         Spirit   .   (helmet currently unavailable)
rElec    .         Reflect  .   (cloak currently unavailable)
rCorr    .         Harm     .   (gloves currently unavailable)
MR       .....                  (boots currently unavailable)
Stlth    +.........             (no amulet)
HPRegen  0.09/turn              (ring currently unavailable)
MPRegen  0.08/turn              (ring currently unavailable)

@: pig-form, very quick
A: small
a: no special abilities


You were on level 2 of the Dungeon.
You were hungry.
You were a filthy swine.
You visited 1 branch of the dungeon, and saw 2 of its levels.

You collected 78 gold pieces.

Inventory:

Hand Weapons
 a - a +1 long sword (melded)
Missiles
 d - 3 throwing nets (quivered)
Armour
 b - a +0 leather armour (melded)
 c - a +0 helmet (melded)
Jewellery
 g - a cursed ring of attention (melded)
 i - an uncursed amulet of the gourmand {unknown}
Scrolls
 h - a scroll of immolation {unknown}
Potions
 e - a potion of mutation {unknown}
Comestibles
 f - 4 rations


   Skills:
 + Level 2.2 Fighting
 + Level 3.4 Long Blades
 - Level 1.7 Throwing
 * Level 1.5 Armour
 + Level 3.1 Dodging


You had 2 spell levels left.
You didn't know any spells.
Your spell library was empty.

Dungeon Overview and Level Annotations

Branches:
Dungeon (2/15)

Altars:
Ashenzari

Annotations:
D:2 Robin


Innate Abilities, Weirdness & Mutations

((Your flesh is heat resistant. (rF+)))
((Your movements are slightly less encumbered by armour. (ER -2)))


Message History

Robin misses you.
You hit Robin but do no damage.
Robin is heavily wounded.
Robin barely misses you.
You hit Robin but do no damage.
Robin is heavily wounded.
Robin throws the goblin at you!
You hit Robin.
Robin is severely wounded.
The goblin hits you with a dagger. Robin hits you with a dagger.
You hit Robin but do no damage.
Robin is severely wounded.
The goblin hits you with a dagger.
Robin zaps a wand.
You hit Robin.
Robin is almost dead.
The goblin hits you with a dagger.
* * * LOW HITPOINT WARNING * * *
Robin barely misses you. The goblin hits you with a dagger.
You die...

##.......# .( .........# #.#
#........# #. #.# #######
........# .# #.. #.###.....#
........# ...#.. #.##....#.#
#.......#
#.#..###......<#.#######......(#
..!............h...)....>.#
#.........g.g..#######..##
#..........##### #†..# ##
#.............. #...#
...#.#...(######## #...##
...#.#.#....... #....####
.....#.##################......(.
.........(....)..................
.............#############.......


You could see Robin and a goblin.

Vanquished Creatures
  2 worms (D:2)
  2 dart slugs (D:1)
  3 leopard geckos
  A ball python (D:1)
  A giant cockroach (D:2)
  10 hobgoblins
  3 jackals (D:1)
  8 bats
  2 frilled lizards (D:2)
  5 goblins
  8 kobolds (D:1)
  3 rats
48 creatures vanquished.

Notes
Turn   | Place    | Note
-------+----------+-------------------------------------------
     0 | D:1      | Revguard the Demonspawn Gladiator began the quest for the
                  | Orb.
     0 | D:1      | Reached XP level 1. HP: 16/16 MP: 1/1
   304 | D:1      | Gained mutation: Your movements are slightly less
                  | encumbered by armour. (ER -2) [demonic ancestry]
   304 | D:1      | Reached XP level 2. HP: 13/22 MP: 2/2
   586 | D:1      | Gained mutation: Your flesh is heat resistant. (rF+)
                  | [demonic ancestry]
   586 | D:1      | Reached XP level 3. HP: 15/27 MP: 3/3
   886 | D:2      | Reached skill level 1 in Armour
  1131 | D:2      | Noticed Robin
  1221 | D:2      | Found a shattered altar of Ashenzari.
  1357 | D:2      | Slain by a goblin

Skill      XL: |  1  2  3 |
---------------+----------+-----
Long Blades    | 3 |  3.4
Dodging        | 3 |  3.1
Armour         | 1 |  1.5
Fighting       | |  2.2
Throwing       | |  1.7

Action                   || total
-------------------------++-------
Melee: Long sword        ||   117
       Unarmed           ||    11
  Use: Scroll            ||     2
  Eat: Chunk             ||     1
Armor: Leather armour    ||    51
Dodge: Dodged            ||   165
       Rpst.: Long sword ||    48
